cohdb
Replays
Latest Replays
All Replays
Popular Replays
Top Player Replays
Match Explorer
How It Works
Community
CoH3 Stats
Reddit
Sign in to upload your games and track your stats! →
Sign in with Steam
Match 45337555
Unlisted
Match 45337555
Overview
Messages
Build Orders
End
Panzergrenadier Squad
Selects Italian Infantry
250 Light Carrier
Construct Light Support Kompanie
Assault Grenadier Squad
Assault Grenadier Squad
Fire Support Elements
Vehicle Survival Package
Veteran Squad Leaders
Selects Guastatori Squad
Pak 38 Mechanized Group
Selects Registered Artillery
Construct Panzerarmee Kommand
Pak 38 Anti-tank Gun Team
2.5-tonne Medical Truck
Advanced Optics
Panzer III L Medium Tank
Panzer III L Medium Tank
Rapid Advance
Emergency Repair Kits
Selects Towed Cannone da 105/28 Field Howitzer
Selects Sound the Alarm
Selects Prepared Positions
Tungsten Core Ammunition
Armored Reserves
Towed Cannone da 105/28 Field Howitzer
Panzer IV Assault Group
Tiger Heavy Tank
Chaton d'Amour
Rainike
Foxx
MATRIX
anioki
Sky Blues
miggy
Volkrast
0
0
Comments
sign in to comment!
No comments posted yet!